 Dungeon Crawl Stone Soup version 0.17-a0-1741-gd5e8965 (webtiles) character file.

138 Kolbur the Chiller (level 5, -10/35 HPs)
             Began as a Merfolk Ice Elementalist on Aug 31, 2015.
             Mangled by an ice beast (12 damage)
             ... on level 5 of the Dungeon.
             The game lasted 00:17:48 (1250 turns).

Kolbur the Chiller (Merfolk Ice Elementalist)       Turns: 1250, Time: 00:17:48

Health: -10/35     AC:  7    Str: 13    XL:     5   Next: 21%
Magic:  6/8        EV: 20    Int: 15    God:
Gold:   81         SH:  0    Dex: 20    Spells: 2 memorised, 4 levels left

rFire  . . .     SeeInvis .       - Unarmed
rCold  . . .     Clarity  +     a - +0 robe
rNeg   . . .     SustAt   .     (no shield)
rPois  .         Gourm    .     (no helmet)
rElec  .         Spirit   .     (no cloak)
rCorr  .         Warding  .     (no gloves)
rMut   .         Stasis   .     (no boots)
MR     .....                    l - amulet of clarity
Stlth  +++.......               (no ring)
                                (no ring)

@: mighty, agile, icy armour, not resistant to hostile enchantments, fairly
stealthy
A: change form in water, swift swim
a: no special abilities


You were on level 5 of the Dungeon.
You were not hungry.

You visited 1 branch of the dungeon, and saw 5 of its levels.

You collected 81 gold pieces.

Inventory:

Hand weapons
 d - a +0 dagger
Missiles
 e - 78 stones (quivered)
 g - 17 poisoned needles
Armour
 a - a +0 robe (worn)
Magical staves
 b - an uncursed staff of cold
Jewellery
 l - an amulet of clarity (around neck)
Magical devices
 o - a wand of slowing (22)
 t - a wand of digging (14)
Scrolls
 c - a scroll of blinking {unknown}
 f - a scroll of random uselessness {unknown}
 h - 2 scrolls of teleportation {unknown}
 k - 2 scrolls of remove curse {unknown}
 n - 2 scrolls of identify {unknown}
 p - a scroll of enchant armour {unknown}
 r - 4 scrolls of recharging {unknown}
 s - a scroll of magic mapping {unknown}
Potions
 i - a potion of might
 j - a potion of agility
 u - a potion of haste {unknown}
Books
 m - a book of the Sky

   Spells                             Type                      Level
   a - Summon Lightning Spire         Summoning/Air                4
   b - Airstrike                      Air                          4
   c - Silence                        Hexes/Air                    5
   d - Deflect Missiles               Charms/Air                   6
   e - Conjure Ball Lightning         Conjuration/Air              6
   f - Tornado                        Air                          9
 w - a book of Frost

   Spells                             Type                      Level
   a - Freeze                         Ice                          1
   b - Throw Frost                    Conjuration/Ice              2
   c - Ozocubu's Armour               Charms/Ice                   3
   d - Throw Icicle                   Conjuration/Ice              4
   e - Summon Ice Beast               Ice/Summoning                4
   f - Condensation Shield            Ice                          4
Comestibles
 v - a meat ration


   Skills:
 + Level 3.8 Dodging
 - Level 2.1 Stealth
 * Level 3.5 Unarmed Combat
 - Level 2.0 Spellcasting
   Level 0.7 Conjurations
 + Level 0.2 Charms
 - Level 4.3 Ice Magic


You had 4 spell levels left.
You knew the following spells:

 Your Spells              Type           Power        Failure   Level  Hunger
a - Freeze                Ice            ##..         4%          1    #......
o - Ozocubu's Armour      Chrm/Ice       #.......     30%         3    ###....


Dungeon Overview and Level Annotations

Branches:
Dungeon (5/15)
 Temple: D:4-7

Altars:


Message History

Unknown command.
You closely miss the ice beast. You closely miss the ice beast.
The ice beast barely misses you.
You hit the ice beast but do no damage. The ice beast closely misses you.
You hit the ice beast.
The ice beast is moderately wounded.
The ice beast closely misses you.
You barely miss the ice beast.
The ice beast is moderately wounded.
The ice beast misses you.
You hit the ice beast but do no damage.
The ice beast is moderately wounded.
The ice beast completely misses you.
You are too injured to fight recklessly!
You punch the ice beast!
The ice beast is heavily wounded.
The ice beast hits you.
* * * LOW HITPOINT WARNING * * *
The ice beast freezes you!
You die...

#.#########.## ..
#.# # #.# ##'##
##...## ##.....##
##.......## .
#.........###....
+........@Y.....(
#.........###....
##.......## #
##.....## ##...##
##+##


You could see an ice beast.

Vanquished Creatures
  Ijyb (D:3)
  A gnoll shaman (D:5)
  5 adders (D:2)
  2 shadow imps (D:5)
  3 bats (D:2)
  A giant cockroach (D:2)
  3 hobgoblins
  3 kobolds
  A giant gecko (D:1)
  6 goblins
  3 rats (D:2)
29 creatures vanquished.

Notes
Turn   | Place    | Note
--------------------------------------------------------------
     0 | D:1      | Kolbur the Merfolk Ice Elementalist began the quest for the Orb.
     0 | D:1      | Reached XP level 1. HP: 13/13 MP: 3/3
   354 | D:1      | Reached skill level 1 in Unarmed Combat
   354 | D:1      | Reached XP level 2. HP: 11/19 MP: 0/5
   604 | D:2      | Reached skill level 4 in Ice Magic
   604 | D:2      | Reached XP level 3. HP: 20/24 MP: 0/6
   632 | D:2      | Learned a level 3 spell: Ozocubu's Armour
   925 | D:3      | Noticed Ijyb
   937 | D:3      | Killed Ijyb
   937 | D:3      | Reached XP level 4. HP: 15/30 MP: 0/7
  1184 | D:5      | Entered Level 5 of the Dungeon
  1189 | D:5      | Reached XP level 5. HP: 15/35 MP: 3/8
  1238 | D:5      | Noticed an ice beast
  1250 | D:5      | Mangled by an ice beast

Vault maps used:
D:1:      minmay_arrival_hallway, glass_columns_b
D:2:      grunt_decor_mini_mirrors
D:3:      first_bread, uniq_jessica, uniq_iyjb
D:4:      minmay_temple_entry_grid, portal_sewer_entry_d, uniq_blork_the_orc
D:5:      nicolae_overflow_quartered_altars, gup_ossuary_entry_pyramid,
          st_stairs_5

Action                   |  1- 3 |  4- 6 || total
-------------------------+-------+-------++-------
Melee: Dagger            |     7 |       ||     7
       Unarmed           |    11 |    19 ||    30
Throw: Stone             |    25 |     2 ||    27
 Cast: Freeze            |    43 |    10 ||    53
       Ozocubu's Armour  |       |     1 ||     1
  Use: Potion            |       |     3 ||     3
 Stab: Sleeping          |     4 |       ||     4
  Eat: Bread ration      |       |     1 ||     1
